 Dungeon Crawl Stone Soup version 0.31-a0-1439-g542172135e (webtiles) character file.

Game seed: 18114500444063430603

279546 Essalna the Metallomancer (level 20, -1/135 (139) HPs)
             Began as a Gargoyle Earth Elementalist on Dec 22, 2023.
             Was the Champion of Vehumet.
             Slain by a demonic crawler (9 damage)
             ... on level 3 of the Spider Nest on Dec 27, 2023.
             The game lasted 02:32:58 (45118 turns).

Essalna the Metallomancer (GrEE)                   Turns: 45118, Time: 02:32:59

HP:   -1/135 (139)  AC: 31    Str: 14    XL:     20   Next: 86%
MP:   1/39          EV:  6    Int: 26    God:    Vehumet [******]
Gold: 2824          SH:  0    Dex: 10    Spells: 10/49 levels left

rFire   + + .        Z - staff of earth
rCold   + + +        W - +2 buckler {rC+}
rNeg    + . .        X - +2 leather armour {rC+ rF+}
rPois   ∞            w - +1 helmet of Lowavvab {rElec rC+ Str+3 Int+2}
rElec   +            t - scarf of a Hundred Ears {+Inv, rF+ Will++}
rCorr   .            C - +0 pair of gloves of Whack-A-Mole {+Blink rC+ Slay+2}
SInv    +            n - +2 pair of boots
Will    +++++        V - amulet of magic regeneration
Stlth   ++           l - ring of Someckeumn {rC+ Will+++ Str-2 Slay+4 SInv}
HPRegen 0.42/turn    m - +4 ring of protection
MPRegen 0.66/turn

%: no passive effects
@: flying, very slightly contaminated, held, lightly drained
A: sickness immunity, AC +15, big wings, negative energy resistance 1,
electricity resistance, torment resistance 1, petrification resistance,
inability to drink after injury 1
}: 1/15 runes: barnacled
a: Renounce Religion, Evoke Blink, Evoke Invisibility


You were on level 3 of the Spider Nest.
You worshipped Vehumet.
Vehumet was exalted by your worship.
You visited 7 branches of the dungeon, and saw 33 of its levels.
You also visited: Sewer, Bailey, Gauntlet and Ice Cave.

You collected 4282 gold pieces.
You spent 1458 gold pieces at shops.

Inventory:

Hand Weapons
 I - the +2 short sword "Death Rattle" {freeze, Will+ rCorr}
   (You found it in an ice cave)

   Will+:     It increases your willpower.
   rCorr:     It protects you from acid and corrosion.
Armour
 n - a +2 pair of boots (worn)
 q - the +0 robe of Niahonis {rF+ rN+ rCorr Str+4}
   (You found it in a sewer)

   Str+4:     It affects your strength (+4).
   rF+:       It protects you from fire.
   rN+:       It protects you from negative energy.
   rCorr:     It protects you from acid and corrosion.
 t - the scarf of a Hundred Ears (worn) {+Inv, rF+ Will++}
   (You found it on level 3 of the Elven Halls)

   rF+:       It protects you from fire.
   Will++:    It greatly increases your willpower.
 w - the +1 helmet of Lowavvab (worn) {rElec rC+ Str+3 Int+2}
   (You found it on level 5 of the Dungeon)

   Str+3:     It affects your strength (+3).
   Int+2:     It affects your intelligence (+2).
   rC+:       It protects you from cold.
   rElec:     It insulates you from electricity.
 C - the +0 pair of gloves of Whack-A-Mole (worn) {+Blink rC+ Slay+2}
   (You found it on level 5 of the Lair of Beasts)

   Slay+2:    It affects your accuracy & damage with ranged weapons and melee
   (+2).
   rC+:       It protects you from cold.
   +Blink:    It lets you blink.
 H - the +0 leather armour of Bofi {Regen+}
   (You bought it in a shop on level 7 of the Dungeon)

   Regen+:    It increases your rate of health regeneration.
 W - a +2 buckler of cold resistance (worn)
 X - a +2 leather armour of resistance (worn)
Magical Staves
 p - a staff of conjuration
 r - a staff of fire
 S - the staff "Unur" {+Blink rN+ Str+4 Necro}
   (You took it off a deep elf annihilator on level 3 of the Elven Halls)

   [staff of death]

   Base accuracy: +5 Base damage: 5 Base attack delay: 1.2 This weapon's minimum
   attack delay (0.6) is reached at skill level 12.
   Str+4:     It affects your strength (+4).
   rN+:       It protects you from negative energy.
   +Blink:    It lets you blink.
   Necro:     It increases the power of your Necromancy spells.
   It falls into the 'Staves' category.
   It is a one-handed weapon.
 Z - a staff of earth (weapon)
Jewellery
 a - the amulet "Bahoecy" {Spirit rElec Will- MP+9}
   (You found it in a Gauntlet)

   [amulet of guardian spirit]

   Spirit:    It causes incoming damage to be divided between your reserves of
   health and magic.
   rElec:     It insulates you from electricity.
   Will-:     It decreases your willpower.
   MP+9:      It affects your magic capacity (+9).
 c - an amulet of regeneration
 l - the ring of Someckeumn (left hand) {rC+ Will+++ Str-2 Slay+4 SInv}
   (You took it off a minotaur in a Gauntlet)

   [ring of slaying]

   Str-2:     It affects your strength (-2).
   Slay+4:    It affects your accuracy & damage with ranged weapons and melee
   (+4).
   rC+:       It protects you from cold.
   Will+++:   It greatly increases your willpower.
   SInv:      It lets you see invisible.
 m - a +4 ring of protection (right hand)
 o - a +5 ring of evasion
 J - the ring of Shadows {Umbra +Inv Stlth+}
   (You took it off a deep elf demonologist on level 3 of the Elven Halls)

   [ring of stealth]

   Umbra:     It surrounds you with an aura of shadow, increasing your stealth
   and reducing the accuracy of all others within it.
   +Inv:      It lets you turn invisible.
   Stlth+:    It makes you more stealthy.
 L - a ring of wizardry
 U - a ring of see invisible
 V - an amulet of magic regeneration (around neck)
 Y - a ring of resist corrosion
Wands
 u - a wand of roots (58)
 B - a wand of digging (15)
 O - a wand of quicksilver (24)
 Q - a wand of mindburst (14)
Scrolls
 e - 6 scrolls of blinking
 h - 2 scrolls of fog
 j - 5 scrolls of fear
 k - 10 scrolls of enchant armour
 v - 3 scrolls of torment
 x - 6 scrolls of identify
 y - 9 scrolls of teleportation
 E - 7 scrolls of immolation
 G - a scroll of summoning
 M - 8 scrolls of enchant weapon
 R - 6 scrolls of amnesia
Potions
 b - 2 potions of magic
 d - 6 potions of cancellation
 f - 9 potions of mutation
 g - 4 potions of haste
 i - 4 potions of resistance
 s - 8 potions of might
 z - 16 potions of heal wounds
 A - 11 potions of curing
 D - 7 potions of attraction {unknown}
 F - 2 potions of invisibility {unknown}
 K - 9 potions of degeneration {unknown}
 N - 5 potions of brilliance {unknown}
 P - 3 potions of enlightenment {unknown}
 T - 3 potions of berserk rage {unknown}


   Skills:
 - Level 19.3 Fighting
 - Level 6.0 Armour
 - Level 5.0 Dodging
 - Level 2.1 Stealth
 - Level 6.0 Shields
 - Level 15.3 Spellcasting
 - Level 13.0 Conjurations
 + Level 10.0 Fire Magic
 - Level 23.3 Earth Magic
 - Level 1.0 Alchemy
 - Level 8.0 Evocations


You had 10 spell levels left.
You knew the following spells:

 Your Spells              Type           Power      Damage    Failure   Level
a - Sandblast             Erth           100%       2d20      0%          1
b - Stone Arrow           Conj/Erth      100%       3d13      0%          3
c - Lee's Rapid Deconstr  Erth           59%        3d27*     0%          5
d - Bombard               Conj/Erth      53%        9d9       1%          6
e - Ozocubu's Refrigerat  Ice            9%         4d9       100%        7
f - Orb of Destruction    Conj           36%        9d11      4%          7
g - Fireball              Conj/Fire      34%        3d14      1%          5
h - Iskenderun's Battles  Conj           72%        2d12      1%          5

Your spell library contained the following spells:

 Spells                   Type           Power      Damage    Failure   Level
 Chain Lightning          Conj/Air       26%        3d34      100%        9
 Fire Storm               Conj/Fire      34%        8d9       100%        9
 Polar Vortex             Ice            9%         12d1*     100%        9
 Magic Dart               Conj           100%       1d8       0%          1
 Passwall                 Erth           100%       N/A       0%          3
 Brom's Barrelling Bould  Conj/Erth      100%       2d11      0%          4
 Freeze                   Ice            76%        1d8       1%          1
 Shock                    Conj/Air       100%       1d9       1%          1
 Scorch                   Fire           100%       2d9       1%          2
 Searing Ray              Conj           100%       2d8       1%          2
 Static Discharge         Conj/Air       100%       3-8/arc   1%          2
 Hailstorm                Conj/Ice       52%        3d10      1%          3
 Inner Flame              Hex/Fire       46%        N/A       1%          3
 Animate Armour           Summ/Erth      100%       N/A       1%          4
 Flame Wave               Conj/Fire      68%        2d15      1%          4
 Fulminant Prism          Conj/Alch      27%        3d14      1%          4
 Ignite Poison            Fire/Alch      48%        N/A       1%          4
 Leda's Liquefaction      Alch/Erth      45%        N/A       1%          4
 Petrify                  Alch/Erth      90%        N/A       1%          4
 Borgnjor's Vile Clutch   Necr/Erth      44%        N/A       1%          5
 Arcjolt                  Conj/Air       26%        1d36      2%          5
 Frozen Ramparts          Ice            38%        1d6       3%          3
 Slow                     Hex            76%        N/A       4%          1
 Sticky Flame             Fire/Alch      48%        2d9       4%          4
 Lehudib's Crystal Spear  Conj/Erth      53%        10d13     4%          8
 Jinxbite                 Hex            38%        N/A       6%          2
 Lesser Beckoning         Tloc           38%        N/A       6%          2
 Airstrike                Air            9%         2d(2-18)  11%         4
 Confusing Touch          Hex            19%        N/A       12%         3
 Fugue of the Fallen      Necr           19%        N/A       12%         3
 Gell's Gravitas          Tloc           19%        N/A       12%         3
 Ozocubu's Armour         Ice            19%        N/A       12%         3
 Sigil of Binding         Hex            19%        N/A       12%         3
 Summon Ice Beast         Ice/Summ       19%        N/A       12%         3
 Swiftness                Air            19%        N/A       12%         3
 Teleport Other           Tloc           19%        N/A       12%         3
 Vampiric Draining        Necr           19%        2d7       12%         3
 Plasma Beam              Fire/Air       23%        2x1d35    21%         6
 Yara's Violent Unravell  Hex/Alch       11%        3d6       24%         5
 Animate Dead             Necr           19%        N/A       38%         4
 Cause Fear               Hex            9%         N/A       38%         4
 Manifold Assault         Tloc           19%        N/A       38%         4
 Summon Lightning Spire   Summ/Air       19%        N/A       38%         4
 Vhi's Electric Charge    Tloc/Air       38%        N/A       38%         4
 Spellforged Servitor     Conj/Summ      26%        N/A       50%         7
 Alistair's Intoxication  Alch           16%        N/A       58%         5
 Eringya's Noxious Bog    Alch           12%        4d6       67%         6
 Ignition                 Fire           32%        3d10      71%         8
 Death Channel            Necr           9%         N/A       99%         6
 Sculpt Simulacrum        Ice/Alch       11%        N/A       99%         6
 Summon Cactus Giant      Summ           9%         N/A       99%         6
 Enfeeble                 Hex            9%         N/A       100%        7
 Dragon's Call            Summ           9%         N/A       100%        9


Dungeon Overview and Level Annotations

Branches:
Dungeon (15/15)            Temple (1/1) D:6            Lair (5/5) D:9
 Shoals (4/4) Lair:3       Spider (2/4) Lair:2        Slime (0/5) Lair:5
    Orc (2/2) D:9             Elf (3/3) Orc:2        Vaults (0/5) D:14
  Sewer (visited)          Bailey (visited)           IceCv (visited)
Gauntlet (visited)
 Depths: D:15

Altars:
Ashenzari
Cheibriados
Dithmenos
Elyvilon
Fedhas
Gozag
Hepliaklqana
Kikubaaqudgha
Makhleb
Nemelex Xobeh
Okawaru
Qazlal
Ru
Sif Muna
Trog
Uskayaw
Vehumet
Wu Jian
Xom
Yredelemnul
Zin
The Shining One
Jiyva
Lugonu

Shops:
D:7 [   D:8 *   D:13 [[   D:15 [   Orc:1 :   Orc:2 [([(*   Elf:1 =   Elf:2 (
Elf:3 !

Portals:
Abyss: Lair:5
Trove: D:11 (give 13 potions of heal wounds)

Annotations:
D:13 2 transporters


Innate Abilities, Weirdness & Mutations

You are immune to sickness and miasma.
Your stone body is resilient. (AC +15)
You are immune to poison.
Your large and strong wings let you fly.
You resist negative energy. (rN+)
You are resistant to electric shocks. (rElec)
You are resistant to unholy torment.
You are immune to petrification.
You occasionally lose the ability to drink potions when taking damage.


Message History

The fireball engulfs the jorogumo!!
The jorogumo is almost dead.
The wolf spider hits you!
The wolf spider bites you but does no damage.
The jorogumo stares at you and mumbles some strange words.
The bolt of negative energy hits you! You partially resist.
You feel drained.
* * * LOW HITPOINT WARNING * * *
The jumping spider leaps!
The wolf spider hits you!
* * * LOW HITPOINT WARNING * * *
The wolf spider completely misses you.
Casting: Fireball (mildly dangerous; 1% risk of failure)
Confirm with . or Enter, or press ? or * to list all spells.
Aiming: Fireball (mildly dangerous; 1% risk of failure)
Press: ? - help, Shift-Dir - straight line The fireball explodes!
The fireball engulfs the demonic crawler!!
The demonic crawler is moderately wounded.
The fireball engulfs the wolf spider!
You kill the wolf spider!
Vehumet accepts your kill.
You feel your power returning.
The fireball engulfs the jorogumo!!
You kill the jorogumo!
Vehumet accepts your kill.
You feel your power returning. The fireball engulfs you! You resist.
* * * LOW HITPOINT WARNING * * *
The demonic crawler barely misses you.
The demonic crawler hits you but does no damage. x2
Your Fire Magic skill increases to level 10!
Casting: Fireball (mildly dangerous; 1% risk of failure)
Confirm with . or Enter, or press ? or * to list all spells.
Aiming: Bombard (mildly dangerous; 1% risk of failure)
Press: ? - help, Shift-Dir - straight line You feel a surge of power!
The iron shot misses the demonic crawler.
You can drink potions again.
The demonic crawler hits you!
* * * LOW HITPOINT WARNING * * *
The demonic crawler hits you but does no damage. x2
The demonic crawler hits you!
You die...

#.s..#.^#
.......^##
^......^.##
#...!.....##
.....#.....#
...........#
......^s†.#
^..?..††@#
..#..#^### #
##


You could see a demonic crawler and a jumping spider.

Vanquished Creatures
  Saint Roka (Orc:2)
  Bai Suzhen (Elf:3)
  Rupert (Orc:2)
  Jorgrun (Shoals:1)
  2 deep elf master archers (Elf:3)
  Asterion (Elf:2)
  5 deep elf blademasters
  Aizul (Shoals:3)
  Kirke (Shoals:4)
  Ilsuiw (Shoals:3)
  Roxanne (Shoals:1)
  An emperor scorpion (Spider:2)
  2 deep elf sorcerers (Elf:3)
  The ghost of kal9871 the Severer, a journeyman HOBe of Trog (Lair:5)
  4 deep elf elementalists
  2 ghost moths
  7 deep elf death magi
  A deep elf demonologist (Elf:3)
  3 spark wasps
  Azrael (Spider:1)
  2 deep elf annihilators (Elf:3)
  A minotaur (Gauntlet)
  4 merfolk javelineers
  Josephine (D:10)
  The ghost of bezhaha the Thaumaturge, a journeyman OpAl of Gozag (Lair:2)
  4 deep elf high priests
  A fire dragon (D:12)
  A spectral kraken (Shoals:1)
  An entropy weaver (shapeshifter) (D:13)
  8 merfolk impalers
  3 vault guards (D:14)
  5 hydras
  A catoblepas (Lair:5)
  5 radroaches
  10 centaur warriors
  An ogre mage (D:14)
  4 ghost crabs
  3 jorogumos
  2 boulder beetles
  A two-headed ogre (D:13)
  3 merfolk avatars
  13 death yaks
  5 merfolk aquamancers
  31 dancing weapons
  2 alligator snapping turtles
  A death scarab (Spider:2)
  3 thrashing horrors (Lair:5)
  A satyr (Shoals:4)
  11 demonic crawlers
  2 tengu warriors (D:13)
  2 orc high priests
  19 deep elf knights
  8 skysharks
  6 pharaoh ants
  3 large abominations (Lair:5)
  15 sea snakes
  2 bog bodies (IceCv)
  A lindwurm (Lair:4)
  3 orb spiders
  16 deep elf archers
  32 deep elf zephyrmancers
  4 steelbarb worms
  Pikel (D:6)
  8 wolf spiders
  22 harpies
  5 ugly things
  15 deep elf pyromancers
  3 orc knights
  5 orc sorcerers
  17 manticores
  10 fauns
  13 merfolk sirens
  5 cyclopes
  6 black mambas
  A rust devil (Gauntlet)
  9 kobold blastminers (Orc:2)
  A centaur zombie (D:11)
  2 moths of wrath (Spider:2)
  A guardian serpent (Elf:1)
  An ice statue (IceCv)
  6 meliai (Spider:2)
  2 smoke demons (Lair:5)
  9 water nymphs
  2 gargoyles (D:14)
  6 elephants
  A spectral sea snake (Shoals:1)
  16 cane toads
  3 torpor snails
  An unseen horror (D:12)
  2 yaktaurs (D:14)
  2 kobold demonologists
  11 komodo dragons
  An efreet (D:13)
  An anaconda simulacrum (IceCv)
  A rime drake (Lair:2)
  2 ice devils (IceCv)
  A spectral water nymph (Shoals:1)
  Psyche (D:8)
  6 trolls
  A troll (shapeshifter) (D:15)
  6 polar bears
  41 merfolk
  4 wind drakes
  3 hornets
  14 tarantellas
  A spectral merfolk (Shoals:1)
  A blink frog (shapeshifter) (Elf:1)
  2 spectral manticores (Shoals:1)
  The ghost of joopi the Insei, an amateur OpSh of Wu Jian (D:4)
  39 blink frogs
  3 raiju (Lair:5)
  2 dream sheep (Shoals:3)
  12 snapping turtles
  5 laughing skulls (Gauntlet)
  17 jumping spiders
  8 culicivoras
  7 air elementals
  7 slime creatures
  2 dire elephant simulacra (IceCv)
  2 shadows (D:12)
  A vampire (D:12)
  18 water elementals
  7 wyverns
  6 wraiths
  4 hogs (Shoals:4)
  5 wargs
  37 redbacks
  6 basilisks
  3 chaos spawn (Lair:5)
  4 ynoxinuls
  37 yaks
  13 vampire mosquitoes
  14 fire elementals
  2 death yak simulacra (IceCv)
  A harpy simulacrum (D:14)
  4 acid dragons
  2 hydra simulacra (IceCv)
  A hell hound (Spider:1)
  9 water moccasins
  34 orc warriors
  2 black bears
  An ice beast (D:6)
  A sky beast (D:7)
  11 ogres
  5 wolves
  12 centaurs
  2 lemures (D:6)
  5 kobold brigands
  3 phantoms
  A necrophage (Sewer)
  8 bullfrogs
  10 small abominations (Lair:5)
  7 earth elementals
  3 two-headed ogre simulacra (IceCv)
  2 cane toad simulacra (IceCv)
  2 gnoll sergeants
  A scorpion (Lair:2)
  13 wights
  An elephant simulacrum (IceCv)
  11 killer bees
  An electric eel (Lair:2)
  2 howler monkeys
  3 quasits (D:6)
  25 orc priests
  A sleepcap (D:5)
  4 hounds
  4 iron imps
  2 gnoll boudas
  A boggart zombie (D:11)
  2 iguanas (D:5)
  Natasha (thrice) (D:2)
  26 orc wizards
  2 polar bear simulacra (IceCv)
  6 troll simulacra (IceCv)
  8 spriggan simulacra (IceCv)
  3 wolf simulacra (IceCv)
  30 gnolls
  4 adders
  5 naga simulacra (IceCv)
  9 shadow imps
  13 white imps
  2 bombardier beetles
  8 ufetubi
  2 worms (D:2)
  87 orcs
  7 ball pythons
  7 endoplasms
  6 giant cockroaches
  9 goblins
  7 hobgoblins
  7 jackals
  37 kobolds
  7 quokkas
  8 bats
  A frilled lizard (D:2)
  2 rats (D:3)
1317 creatures vanquished.

Vanquished Creatures (others)
  A deep elf knight (Elf:2)
  13 tentacles (Shoals:1)
14 creatures vanquished.

Grand Total: 1331 creatures vanquished

Notes
Turn   | Place    | Note
-------+----------+-------------------------------------------
     0 | D:1      | Essalna the Gargoyle Earth Elementalist began the quest for
                  | the Orb.
     0 | D:1      | Reached XP level 1. HP: 10/10 MP: 3/3
    65 | D:1      | Reached skill level 1 in Alchemy
   101 | D:1      | Reached XP level 2. HP: 15/15 MP: 1/5
   174 | D:1      | Reached skill level 4 in Earth Magic
   551 | D:1      | Reached XP level 3. HP: 19/19 MP: 2/6
  1468 | D:2      | Reached XP level 4. HP: 24/24 MP: 5/8
  1544 | D:2      | Noticed Natasha
  1549 | D:2      | Killed Natasha
  1550 | D:2      | Reached skill level 5 in Earth Magic
  1569 | D:2      | Noticed Natasha
  1576 | D:2      | Killed Natasha
  1605 | D:2      | Noticed Natasha
  1609 | D:2      | Killed Natasha
  1610 | D:2      | Reached XP level 5. HP: 24/28 MP: 4/10
  2107 | D:3      | Learned a level 3 spell: Stone Arrow
  2409 | D:3      | Reached skill level 6 in Earth Magic
  2417 | D:3      | You fall into a shaft and drop 3 floors!
  2437 | D:6      | Reached XP level 6. HP: 26/32 MP: 8/12
  2502 | D:6      | Noticed an ice beast
  2572 | D:6      | Reached skill level 7 in Earth Magic
  2656 | D:5      | Entered Level 5 of the Dungeon
  2671 | D:5      | Reached XP level 7. HP: 34/36 MP: 7/13
  2678 | D:5      | Reached skill level 8 in Earth Magic
  2719 | D:5      | Found a stormy altar of Qazlal.
  2721 | D:5      | Reached skill level 1 in Conjurations
  2759 | D:5      | Found a glowing drain.
  2764 | Sewer    | Entered a sewer
  2950 | Sewer    | Found an ancient bone altar of Kikubaaqudgha.
  3014 | Sewer    | Reached skill level 9 in Earth Magic
  3110 | Sewer    | Identified the +0 robe of Niahonis {rF+ rN+ rCorr Str+4}
  3143 | Sewer    | Reached XP level 8. HP: 41/41 MP: 8/14
  3430 | D:5      | Identified the +1 helmet of Lowavvab {rElec rC+ Str+3
                  | Int+2}
  3654 | D:4      | Found a runed translucent door.
  3654 | D:4      | Noticed joopi's ghost (amateur OpSh)
  3759 | D:4      | Found a white marble altar of Elyvilon.
  4432 | D:3      | Reached skill level 10 in Earth Magic
  4882 | D:4      | Found a shimmering blue altar of Sif Muna.
  4882 | D:4      | Found a sacrificial altar of Ru.
  4980 | D:4      | Killed joopi's ghost
  4981 | D:4      | Reached skill level 5 in Conjurations
  5274 | D:6      | Reached XP level 9. HP: 45/45 MP: 5/15
  5422 | D:6      | Reached skill level 11 in Earth Magic
  5619 | D:6      | Noticed Pikel
  5633 | D:6      | Killed Pikel
  5926 | D:6      | Found a staircase to the Ecumenical Temple.
  5932 | Temple   | Entered the Ecumenical Temple
  5956 | Temple   | Became a worshipper of Vehumet
  6045 | D:7      | Reached skill level 12 in Earth Magic
  6065 | D:7      | Found Nanoi's Antique Armour Boutique.
  6068 | D:7      | Bought a crude leather armour for 168 gold pieces
  6068 | D:7      | Identified the +0 leather armour of Bofi {Regen+} (You
                  | bought it in a shop on level 7 of the Dungeon)
  6170 | D:7      | Reached skill level 1 in Fighting
  6170 | D:7      | Reached skill level 1 in Armour
  6198 | D:7      | Found an ornate altar of the Wu Jian Council.
  6787 | D:8      | Found a sparkling altar of Nemelex Xobeh.
  6787 | D:8      | Found an ancient bone altar of Kikubaaqudgha.
  6806 | D:8      | Found a shimmering altar of Xom.
  6807 | D:8      | Found a shimmering altar of Xom.
  6808 | D:8      | Found a shimmering altar of Xom.
  6833 | D:8      | Found a shimmering altar of Xom.
  6855 | D:8      | Found Piutrar's Elemental Accessories.
  6862 | D:8      | Reached XP level 10. HP: 56/56 MP: 11/16
  6989 | D:8      | Identified the +6 scale mail of Rayrayrr {rElec Will+
                  | Dex-3}
  7193 | D:8      | Reached * piety under Vehumet
  7193 | D:8      | Offered knowledge of Foxfire by Vehumet.
  7902 | D:8      | Noticed Psyche
  7945 | D:8      | Killed Psyche
  7946 | D:8      | Reached skill level 13 in Earth Magic
  8176 | D:9      | Found a staircase to the Lair.
  8212 | D:9      | Reached skill level 5 in Fighting
  8213 | D:9      | Reached skill level 5 in Armour
  8217 | D:9      | Noticed an elephant
  8447 | D:9      | Found a shadowy altar of Dithmenos.
  8556 | D:9      | Found a staircase to the Orcish Mines.
  8581 | D:9      | Killed an elephant
  8934 | D:9      | Found an opulent altar of Gozag.
  9084 | Orc:1    | Entered Level 1 of the Orcish Mines
  9160 | Orc:1    | Reached XP level 11. HP: 36/66 MP: 1/17
  9194 | D:9      | Reached skill level 14 in Earth Magic
  9370 | Orc:1    | Found Tyxteewk's Book Emporium.
  9385 | Orc:1    | Bought a book of the Earth for 504 gold pieces
  9391 | Orc:1    | Learned a level 5 spell: Lee's Rapid Deconstruction
  9585 | Orc:1    | Noticed an orc sorcerer
  9613 | Orc:1    | Offered knowledge of Momentum Strike by Vehumet.
  9673 | Orc:1    | Reached ** piety under Vehumet
  9774 | Orc:1    | Killed an orc sorcerer
 10011 | Orc:2    | Entered Level 2 of the Orcish Mines
 10048 | Orc:2    | Noticed an orc knight
 10240 | Orc:2    | Reached skill level 15 in Earth Magic
 10333 | D:9      | Learned a level 6 spell: Bombard
 10334 | Lair:1   | Entered Level 1 of the Lair of Beasts
 10843 | Lair:1   | Noticed a boulder beetle
 10862 | Lair:1   | Killed a boulder beetle
 10964 | Lair:1   | Reached XP level 12. HP: 76/76 MP: 8/18
 11063 | Lair:1   | Offered knowledge of Scorch by Vehumet.
 11933 | Lair:2   | Found a hole to the Spider Nest.
 11991 | Lair:2   | Found a frozen archway.
 12002 | IceCv    | Entered an ice cave
 12007 | IceCv    | Reached *** piety under Vehumet
 12120 | IceCv    | Reached skill level 5 in Spellcasting
 12186 | IceCv    | Offered knowledge of Frozen Ramparts by Vehumet.
 12237 | IceCv    | Identified the +2 short sword "Death Rattle" {freeze, Will+
                  | rCorr}
 12532 | IceCv    | Reached **** piety under Vehumet
 12755 | IceCv    | Offered knowledge of Yara's Violent Unravelling by Vehumet.
 12765 | IceCv    | Reached skill level 10 in Fighting
 12843 | Lair:2   | Noticed a death yak
 12845 | Lair:2   | Noticed a death yak
 12847 | Lair:2   | Noticed a death yak
 12849 | Lair:2   | Noticed a death yak
 13111 | Lair:2   | Noticed a seven-headed hydra
 13113 | Lair:2   | Noticed bezhaha's ghost (journeyman OpAl)
 13114 | Lair:2   | Found a transporter.
 13114 | Lair:2   | Noticed a death yak
 13216 | Lair:2   | Found a transporter.
 13239 | Lair:2   | Noticed a death yak
 13250 | Lair:2   | Reached skill level 16 in Earth Magic
 13382 | Lair:2   | Noticed a death yak
 13425 | Lair:2   | Killed a death yak
 13430 | Lair:1   | Killed a death yak
 13431 | Lair:1   | Reached skill level 1 in Shields
 13656 | Lair:2   | Killed a death yak
 13677 | Lair:2   | Killed a death yak
 13678 | Lair:2   | Reached skill level 10 in Conjurations
 13694 | Lair:2   | Killed a death yak
 13695 | Lair:2   | Reached XP level 13. HP: 46/83 MP: 2/22
 14245 | Lair:3   | Reached skill level 5 in Dodging
 14465 | Lair:4   | Found a gate leading to a gauntlet.
 14474 | Gauntlet | Entered a Gauntlet
 14474 | Gauntlet | Found a transporter.
 14510 | Gauntlet | Found a transporter.
 14525 | Gauntlet | Found a transporter.
 14530 | Gauntlet | Found a transporter.
 14545 | Gauntlet | Found a transporter.
 14564 | Gauntlet | Found a transporter.
 14576 | Gauntlet | Found a transporter.
 14588 | Gauntlet | Found a transporter.
 14600 | Gauntlet | Found a transporter.
 14612 | Gauntlet | Found a transporter.
 14612 | Gauntlet | Noticed a reaper
 14642 | Gauntlet | Found a transporter.
 14644 | Gauntlet | Found a transporter.
 14699 | Gauntlet | Found a transporter.
 14730 | Gauntlet | Found a transporter.
 14732 | Gauntlet | Found a transporter.
 14734 | Gauntlet | Found a transporter.
 14801 | Gauntlet | Found a transporter.
 14890 | Gauntlet | Identified the amulet "Bahoecy" {Spirit rElec Will- MP+9}
 14903 | Gauntlet | Identified the ring of Someckeumn {rC+ Will+++ Str-2 Slay+4
                  | SInv}
 14903 | Gauntlet | Noticed a minotaur
 14907 | Gauntlet | Killed a minotaur
 14943 | Gauntlet | Identified the +0 robe of the Sun {rF+ rN+}
 15235 | Lair:3   | Reached ***** piety under Vehumet
 15283 | Lair:3   | Offered knowledge of Starburst by Vehumet.
 15489 | Lair:3   | Reached skill level 5 in Shields
 15683 | Lair:3   | Found a staircase to the Shoals.
 16224 | Lair:4   | Reached skill level 17 in Earth Magic
 16326 | Lair:4   | Gained mutation: Your large and strong wings let you fly.
                  | [Gargoyle growth]
 16326 | Lair:4   | Reached XP level 14. HP: 76/90 MP: 8/25
 17259 | Lair:5   | Entered Level 5 of the Lair of Beasts
 18164 | Lair:5   | Identified the +0 pair of gloves of Whack-A-Mole {+Blink
                  | rC+ Slay+2}
 18201 | Lair:5   | Offered knowledge of Ozocubu's Refrigeration by Vehumet.
 18224 | Lair:5   | Found a runed translucent door.
 18234 | Lair:5   | Learned a level 7 spell: Ozocubu's Refrigeration
 18513 | Lair:5   | Found a viscous altar of Jiyva.
 18513 | Lair:5   | Found a staircase to the Slime Pits.
 18544 | Lair:5   | Reached skill level 1 in Evocations
 18940 | Lair:5   | Identified the +0 spear "Afeubb Reho" {spect, rElec Dex+3}
 19706 | Lair:5   | Reached skill level 18 in Earth Magic
 19706 | Lair:5   | Reached XP level 15. HP: 93/97 MP: 2/28
 19762 | Lair:5   | Found a corrupted altar of Lugonu.
 19762 | Lair:5   | Found a one-way gate to the infinite horrors of the Abyss.
 19773 | Lair:5   | Identified the +1 mace of Slow Death {antimagic, Fly rN+}
 19870 | Lair:5   | Found a shimmering altar of Xom.
 19870 | Lair:5   | Noticed kal9871's ghost (journeyman HOBe)
 19879 | Lair:5   | Killed kal9871's ghost
 20113 | D:10     | Entered Level 10 of the Dungeon
 20160 | D:10     | Found a flagged portal.
 20172 | Bailey   | Entered a bailey
 20310 | Bailey   | Offered knowledge of Orb of Destruction by Vehumet.
 20319 | Bailey   | Learned a level 7 spell: Orb of Destruction
 20585 | D:10     | Reached XP level 16. HP: 103/103 MP: 29/29
 20672 | D:10     | Noticed Josephine
 20675 | D:10     | Killed Josephine
 20858 | D:10     | Found a bloodstained altar of Trog.
 20953 | D:10     | Found a blossoming altar of Fedhas.
 21675 | D:11     | Found a basalt altar of Yredelemnul.
 21796 | D:11     | Found a portal to a secret trove of treasure.
 22799 | D:12     | Offered knowledge of Fireball by Vehumet.
 22806 | D:12     | Learned a level 5 spell: Fireball
 22968 | D:12     | Found a shadowy altar of Dithmenos.
 23252 | D:13     | Found a transporter.
 23273 | D:13     | Found a transporter.
 23428 | D:13     | You are sucked into a shaft and drop 2 floors!
 23428 | D:15     | Entered Level 15 of the Dungeon
 23431 | D:15     | Found Peviudd's Armour Emporium.
 23536 | D:15     | Upgraded the game from 0.31-a0-1343-gcd514f47d3 to
                  | 0.31-a0-1439-g542172135e
 24158 | D:14     | Reached skill level 10 in Spellcasting
 24255 | D:14     | Found a gate to the Vaults.
 25096 | D:13     | Found Raex's Antique Weapon Shoppe.
 25100 | D:13     | Found Kourr's Antique Armour Boutique.
 25161 | D:13     | Found Cahol's Armour Emporium.
 25433 | D:13     | Found a transporter.
 25458 | D:13     | Found a transporter.
 25722 | Orc:2    | Reached skill level 19 in Earth Magic
 25897 | Orc:2    | Found a staircase to the Elven Halls.
 25932 | Orc:2    | Noticed Rupert
 25937 | Orc:2    | Killed Rupert
 26172 | Orc:2    | Found Lemeetec's Weapon Boutique.
 26251 | Orc:2    | Reached XP level 17. HP: 111/111 MP: 19/31
 26292 | Orc:2    | Found Dibbeaz's General Store.
 26338 | Orc:2    | Found Veduiledi's Antique Armour Shop.
 26345 | Orc:2    | Bought an embroidered scarf for 272 gold pieces
 26527 | Orc:2    | Noticed Saint Roka
 26567 | Orc:2    | Killed Saint Roka
 27022 | Orc:2    | Found Zit Qizu's Antique Weapon Boutique.
 27024 | Orc:2    | Found Corrimang's Antique Armour Shop.
 27031 | Orc:2    | Bought a transparent ring mail for 207 gold pieces
 27031 | Orc:2    | Identified the +0 ring mail of the Forgotten Visions {SInv
                  | Stlth+} (You bought it in a shop on level 2 of the Orcish
                  | Mines)
 27031 | Orc:2    | Bought a pitted robe for 131 gold pieces
 27031 | Orc:2    | Identified the +0 robe of Erchatad {rPois} (You bought it
                  | in a shop on level 2 of the Orcish Mines)
 27151 | Orc:1    | Offered knowledge of Irradiate by Vehumet.
 27408 | Elf:1    | Entered Level 1 of the Elven Halls
 27413 | Elf:1    | Paralysed by an air elemental for 1 turns
 27892 | Elf:1    | Paralysed by an air elemental for 1 turns
 27895 | Elf:1    | Paralysed by an air elemental for 1 turns
 28123 | Elf:1    | Reached skill level 15 in Fighting
 28509 | Elf:1    | Found Xakkid's Jewellery Shop.
 29047 | Elf:1    | Reached skill level 20 in Earth Magic
 29196 | Elf:2    | Found Cadekh's Antique Weapon Boutique.
 29271 | Elf:2    | Reached ****** piety under Vehumet
 29574 | Elf:2    | Offered knowledge of Conjure Ball Lightning by Vehumet.
 30187 | Elf:2    | Reached XP level 18. HP: 108/120 MP: 19/34
 30220 | Elf:2    | Found a shimmering blue altar of Sif Muna.
 30477 | Elf:2    | Found a huge runed translucent gate.
 30477 | Elf:2    | Found a huge runed translucent gate.
 30478 | Elf:2    | Found a huge runed translucent gate.
 30478 | Elf:2    | Found a huge runed translucent gate.
 30479 | Elf:2    | Found a huge runed translucent gate.
 30864 | Elf:2    | Noticed a deep elf blademaster
 30869 | Elf:2    | Killed a deep elf blademaster
 31056 | Elf:2    | Reached skill level 21 in Earth Magic
 31291 | Elf:2    | Offered knowledge of Maxwell's Capacitive Coupling by
                  | Vehumet.
 31375 | Elf:2    | Identified the blade talisman "Xemy" {Dex+2}
 31448 | Elf:3    | Entered Level 3 of the Elven Halls
 31501 | Elf:3    | Noticed Bai Suzhen
 31536 | Elf:3    | Noticed a deep elf blademaster
 31543 | Elf:3    | Noticed a deep elf blademaster
 31544 | Elf:3    | Noticed a deep elf blademaster
 31545 | Elf:3    | Killed a deep elf blademaster
 31546 | Elf:3    | Noticed a deep elf blademaster
 31557 | Elf:2    | Killed a deep elf blademaster
 31820 | Elf:3    | Killed a deep elf blademaster
 31821 | Elf:3    | Killed a deep elf blademaster
 31824 | Elf:3    | Killed a ghostly deep elf blademaster
 31831 | Elf:3    | Noticed Asterion
 31852 | Elf:2    | Learned a level 5 spell: Iskenderun's Battlesphere
 32024 | Shoals:1 | Entered Level 1 of the Shoals
 32128 | Shoals:1 | Noticed Roxanne
 32135 | Shoals:1 | Noticed Jorgrun
 32362 | Shoals:1 | Killed Jorgrun
 33956 | Shoals:1 | Killed Roxanne
 34754 | Shoals:2 | Reached XP level 19. HP: 123/128 MP: 26/36
 35026 | Shoals:2 | Reached skill level 22 in Earth Magic
 35735 | Shoals:3 | Noticed Ilsuiw
 35763 | Shoals:3 | Killed Ilsuiw
 36245 | Shoals:3 | Identified the serpent talisman of the Doldrums {rF+++
                  | Str-2 Dex-5 SInv}
 36245 | Shoals:3 | Noticed Aizul
 36251 | Shoals:3 | Killed Aizul
 36289 | Shoals:3 | Offered knowledge of Fire Storm by Vehumet.
 36289 | Shoals:3 | Offered knowledge of Chain Lightning by Vehumet.
 36289 | Shoals:3 | Offered knowledge of Polar Vortex by Vehumet.
 36879 | Shoals:4 | Entered Level 4 of the Shoals
 37414 | Shoals:4 | Identified the +6 whip of Crystal {drain, Dex+3}
 38323 | Shoals:4 | Noticed Kirke
 38887 | Shoals:4 | Killed Kirke
 38967 | Shoals:4 | Got a barnacled rune of Zot
 39341 | Lair:2   | Reached skill level 23 in Earth Magic
 39346 | Lair:2   | Reached skill level 15 in Spellcasting
 39346 | Lair:2   | Killed bezhaha's ghost
 39605 | Elf:3    | Killed Bai Suzhen
 39931 | Elf:3    | Found Neicweb's Distillery.
 39944 | Elf:3    | Bought a potion of magic for 88 gold pieces
 39944 | Elf:3    | Bought a potion of mutation for 88 gold pieces
 39959 | Elf:3    | Reached XP level 20. HP: 96/130 MP: 19/39
 40525 | Elf:3    | Paralysed by an air elemental for 1 turns
 40530 | Elf:3    | Paralysed by an air elemental for 1 turns
 40869 | Elf:3    | Identified the ring of Dissent {rElec Will- Dex+5 SInv}
 40871 | Elf:3    | Identified the +7 plate armour "Enodit" {Dex+2}
 40977 | Elf:3    | Identified the staff "Unur" {+Blink rN+ Str+4 Necro}
 41032 | Elf:3    | Identified the +5 falchion of Ygipp {spect, *Rage rElec
                  | rN++}
 41055 | Elf:3    | Identified the +6 mace "Qipocs" {vamp, MP-9 Int+6}
 41079 | Elf:3    | Identified the scarf of a Hundred Ears {+Inv, rF+ Will++}
 41305 | Elf:2    | Killed Asterion
 41306 | Elf:2    | Reached skill level 1 in Fire Magic
 41645 | Spider:1 | Entered Level 1 of the Spider Nest
 42299 | Spider:1 | Noticed Azrael
 42305 | Spider:1 | Killed Azrael
 42641 | Spider:1 | Reached skill level 5 in Fire Magic
 43694 | Spider:2 | Gained mutation: You occasionally lose the ability to drink
                  | potions when taking damage. [mutagenic glow]
 45100 | Spider:2 | You are sucked into a shaft and drop 1 floor!
 45118 | Spider:3 | Reached skill level 10 in Fire Magic
 45118 | Spider:3 | Slain by a demonic crawler

Illustrated notes

Levels and vault maps discovered:
D:1:      lightli_arrival_farm, layout_basic, grunt_decor_arrowhead,
          fountainhead, chequers_serial_rivers_micro_a
D:2:      layout_basic, kennysheep_generic_room_15, uniq_natasha
D:3:      layout_loops_cross, kennysheep_orc_chapel
D:4:      layout_loops_ring, elyvilon_altar_4,
          gammafunk_temple_overflow_elements, gammafunk_ghost_grave
D:5:      layout_rooms, nicolae_qazlal_scattered_showers, portal_sewer_entry_e
D:6:      layout_rooms, minmay_temple_entry_fiery, serial_demonic,
          serial_demonic_a, serial_demonic_a, serial_demonic_b,
          serial_demonic_g, serial_demonic_a, serial_demonic_a, uniq_pikel
D:7:      layout_cave_pools, mainiacjoe_overflow_catwalk, serial_shops,
          nicolae_shop_behind_doors
D:8:      layout_loops_ring, nicolae_overflow_two_pavilions, xom_shifter_show,
          kennysheep_minor_cross, minmay_misc_feat_hallway,
          nicolae_elemental_shop, uniq_psyche
D:9:      layout_gridville, mainiacjoe_overflow_surrounded_room,
          grunt_gozag_statues, david_lair_generic, orc_0_dummy,
          grunt_ministairs_1, hex_tiny
D:10:     layout_stronghold, fedhas_altar_3,
          mainiacjoe_overflow_six_doors_small, enter_bailey_4, uniq_josephine
D:11:     layout_basic, trove_entry_hex_spiral, hex_intersection,
          lemuel_zombie_altar_yredelemnul
D:12:     layout_cave_pools, minmay_misc_feat_square, grunt_dithmenos_shadows
D:13:     layout_rooms, serial_shops, shop, nicolae_shop_tiny_waterfront, shop,
          small_statue_alley_a, minmay_crystal_water, nicolae_diode_intersection
D:14:     layout_gridville, grunt_vaults_entry_fortified,
          ebering_dispersal_statue_hall
D:15:     gammafunk_depths_entry_grave, layout_irregular_city, serial_shops,
          nicolae_shop_trees, shop_fountains, nicolae_shop_rolling_square,
          nicolae_shop_pleasant_corner_grove, nicolae_shop_scrapyard,
          serial_column_ruins, column_ruins_square_medium,
          column_ruins_corridor_corner, column_ruins_columns_straight,
          column_ruins_open_tiny, column_ruins_open_tiny,
          column_ruins_corridor_corner, column_ruins_open_small,
          column_ruins_open_medium_water, roderic_roman_lattice
Temple:   eino_wide_crystal_templ
Lair:1:   layout_layer_cave
Lair:2:   layout_regular_city, nicolae_spider_entry_lesser_pyramids,
          gammafunk_ghost_arena, portal_ice_cave_entry_pillars_1,
          serial_bayou_shore_b, serial_bayou_shore_a
Lair:3:   layout_small_grid, elwin_shoals_entry_stream, grunt_megastairs_4
Lair:4:   layout_misc_corridors, gauntlet_entry_generic, beast_lair_carwin_3
Lair:5:   hellmonk_lair_end_abyssal_woods, layout_cave_shapes, slime_entry_1,
          ebering_ghost_xom, evilmike_ambush [evilmike_ambush_outer_basic,
          evilmike_ambush_inner_basic]
Shoals:1: layout_shoals, nicolae_shoals_spectral_cove, uniq_roxanne,
          uniq_jorgrun
Shoals:2: layout_shoals
Shoals:3: layout_shoals, uniq_ilsuiw, uniq_aizul
Shoals:4: shoals_end_hangedman, layout_shoals, uniq_kirke
Spider:1: layout_chambers, nicolae_spider_twisty_arc_passages, uniq_azrael
Spider:2: nicolae_spider_hilbert_zone_7 [nicolae_spider_hilbert_4_sides_1_open,
          nicolae_spider_hilbert_4_sides_1_open,
          nicolae_spider_hilbert_4_sides_1_open,
          nicolae_spider_hilbert_4_sides_1_open,
          nicolae_spider_hilbert_3_sides_1_open,
          nicolae_spider_hilbert_3_sides_1_open,
          nicolae_spider_hilbert_3_sides_1_open,
          nicolae_spider_hilbert_3_sides_1_open,
          nicolae_spider_hilbert_4_sides_1_open,
          nicolae_spider_hilbert_4_sides_1_open,
          nicolae_spider_hilbert_4_sides_1_open,
          nicolae_spider_hilbert_2_sides_1_open,
          nicolae_spider_hilbert_2_sides_1_open,
          nicolae_spider_hilbert_2_sides_1_open,
          nicolae_spider_hilbert_2_sides_1_open,
          nicolae_spider_hilbert_2_sides_1_open,
          nicolae_spider_hilbert_2_sides_1_open], nicolae_crawler_farm
Spider:3: nicolae_spider_hall_of_the_moth_king, gammafunk_ghost_necromancy
Orc:1:    layout_diamond_mine, serial_shops, shop_statue
Orc:2:    grunt_orc_community_town_hall, layout_diamond_mine,
          grunt_orc_community_big_house_1, grunt_orc_community_big_house_2,
          grunt_orc_community_house_1, grunt_orc_community_house_2,
          grunt_orc_community_house_1, grunt_orc_community_house_2,
          serial_shops, shop, uniq_rupert
Elf:1:    layout_gridlike, serial_shops, shop,
          hangedman_elven_crosses_minicolossus, nrook_mini_backslash,
          fake_guardian_serpent_vault
Elf:2:    elven_hall_of_blades_hangedman_alternative [nicolae_blade_tridents],
          layout_geoelf_grid, basic_altar, minmay_shop_star
Elf:3:    minmay_elf_hall_circle, layout_rooms, serial_glass, glass_columns_a,
          glass_columns_a, glass_columns_b, glass_columns_a, serial_shops,
          bzr_entry_gold, shop, nicolae_elf_loose_elemental_storage,
          uniq_asterion, uniq_bai_suzhen

Skill      XL: |  1  2  3  4  5  6  7  8  9 10 11 12 13 14 15 16 17 18 19 20 |
---------------+-------------------------------------------------------------+-----
Alchemy        | 1 |  1.0
Earth Magic    | 4 5 6 7 9 10 12 13 15 16 17 18 19 20 21 23 | 23.3
Spellcasting   | 3 4 6 7 9 10 12 13 15 | 15.3
Conjurations   | 3 6 8 10 11 12 13 | 13.0
Fighting       | 3 6 9 10 11 12 14 16 17 19 | 19.3
Armour         | 3 6 |  6.0
Dodging        | 2 4 5 |  5.0
Shields        | 2 5 6 |  6.0
Evocations     | 2 6 8 |  8.0
Fire Magic     | 10 | 10.0
Stealth        | |  2.1

Action                     |  1- 3 |  4- 6 |  7- 9 | 10-12 | 13-15 | 16-18 | 19-21 || total
---------------------------+-------+-------+-------+-------+-------+-------+-------++-------
  Melee: Unarmed           |     9 |       |       |       |       |       |       ||     9
         Whip              |    19 |       |       |    17 |       |       |       ||    36
         Punch             |     1 |       |       |       |       |       |       ||     1
         Dagger            |       |    15 |       |     5 |       |       |       ||    20
         Short sword       |       |       |       |    20 |     6 |       |       ||    26
         Staff             |       |       |       |       |    36 |     8 |    11 ||    55
   Cast: Sandblast         |    51 |    71 |   192 |   292 |   152 |    68 |    69 ||   895
         Stone Arrow       |       |       |     8 |    76 |    42 |   617 |   519 ||  1262
         Lee's Rapid Decon |       |       |       |    49 |    11 |   180 |    67 ||   307
         Bombard           |       |       |       |       |   219 |   100 |    66 ||   385
         Orb of Destructio |       |       |       |       |       |     8 |     4 ||    12
         Iskenderun's Batt |       |       |       |       |       |    17 |    98 ||   115
         Fireball          |       |       |       |       |       |       |    37 ||    37
Ability: Evoke Blink       |       |       |       |       |       |     1 |     6 ||     7
         Evoke Invisibilit |       |       |       |       |       |       |     2 ||     2
  Evoke: Wand              |       |       |       |       |       |       |     3 ||     3
    Use: Scroll            |       |     7 |       |     5 |     9 |     9 |       ||    30
         Potion            |       |       |       |       |     1 |     2 |     2 ||     5
 Armour: Robe              |    27 |    35 |    47 |       |       |       |       ||   109
         Leather armour    |       |       |    23 |   280 |   267 |   434 |   673 ||  1677
  Dodge: Dodged            |    30 |    29 |    49 |   166 |   184 |   202 |   360 ||  1020
  Block: Buckler           |       |       |       |    22 |   109 |   123 |   215 ||   469

Table legend: (Time is in decaauts)
 A = Elapsed time spent in this place.
 B = Non-inter-level travel time spent in this place.
 C = Inter-level travel time spent in this place.
 D = Time resting spent in this place.
 E = Time spent auto-exploring this place.
 F = Levels seen in this place.
 G = Mean time per level.
                   A        B        C        D        E       F      G
               +--------+--------+--------+--------+--------+-----+--------+
         Total |  45701 |  43162 |   2539 |   2228 |  32844 |  37 | 1235.2 |
       Dungeon |  14214 |  13427 |    787 |    464 |  10919 |  15 |  947.6 |
        Temple |     39 |      2 |     37 |      0 |      0 |   1 |   39.0 |
          Lair |   9186 |   8468 |    718 |    704 |   6019 |   5 | 1837.2 |
        Shoals |   7012 |   6766 |    246 |    189 |   5378 |   4 | 1753.0 |
   Spider Nest |   3507 |   3477 |     30 |      4 |   2929 |   3 | 1169.0 |
  Orcish Mines |   3170 |   2749 |    421 |    316 |   1847 |   2 | 1585.0 |
   Elven Halls |   6305 |   6007 |    298 |    550 |   4266 |   3 | 2101.7 |
         Sewer |    545 |    545 |      0 |      0 |    398 |   1 |  545.0 |
        Bailey |    358 |    358 |      0 |      0 |    279 |   1 |  358.0 |
      Ice Cave |    881 |    881 |      0 |      0 |    586 |   1 |  881.0 |
      Gauntlet |    478 |    478 |      0 |      0 |    221 |   1 |  478.0 |
               +--------+--------+--------+--------+--------+-----+--------+

Top non-repeatable levels by time:
   Elf:2: 2783 daAuts
  Lair:4: 2202 daAuts
Shoals:4: 2175 daAuts
Spider:1: 2034 daAuts
   Elf:1: 1978 daAuts
   Orc:2: 1935 daAuts
  Lair:1: 1898 daAuts
Shoals:1: 1853 daAuts
  Lair:5: 1851 daAuts
  Lair:3: 1687 daAuts
Shoals:3: 1645 daAuts
  Lair:2: 1545 daAuts
   Elf:3: 1543 daAuts
Spider:2: 1451 daAuts
     D:8: 1438 daAuts
